 Dungeon Sprint DCSS version 0.21-a0-349-g0c35859 (webtiles) character file.

38 Kidiri the Cudgeler (level 3, -4/51 HPs)
             Began as a Draconian Gladiator on Oct 8, 2017.
             Was a Believer of Trog.
             Slain by a flying skull (9 damage)
             ... in the Dungeon (Sprint VII: "The Pits").
             The game lasted 00:01:38 (659 turns).

Kidiri the Cudgeler (Draconian Gladiator)            Turns: 659, Time: 00:01:38

Health: -4/51      AC:  5    Str: 22    XL:     3   Next: 25%
Magic:  3/3        EV: 14    Int:  8    God:    Trog [**....]
Gold:   0          SH:  0    Dex: 12    Spells: 2/2 levels left

rFire    . . .     SeeInvis .   a - +0 flail (protect)
rCold    . . .     Gourm    .   (no shield)
rNeg     . . .     Faith    .   (armour unavailable)
rPois    .         Spirit   .   b - +0 hat
rElec    .         Reflect  .   (no cloak)
rCorr    .         Harm     .   (no gloves)
MR       .....     NoTele   +   (no boots)
Stlth    ..........             (no amulet)
HPRegen  0.17/turn              (no ring)
MPRegen  0.08/turn              (no ring)

@: berserking (expiring), very quick
A: unfitting armour, cold-blooded, AC +5
a: Berserk, Trog's Hand, Burn Spellbooks, Renounce Religion


You were in the Dungeon.
You worshipped Trog.
Trog was pleased with you.
You were hungry.

You visited 1 branch

Inventory:

Hand Weapons
 a - a +0 flail of protection (weapon)
Missiles
 c - 3 throwing nets (quivered)
Armour
 b - a +0 hat (worn)
Scrolls
 j - a scroll of blinking
 m - 3 scrolls of remove curse
 n - 5 scrolls of amnesia
 o - a scroll of summoning
Potions
 e - 6 potions of curing
 f - 6 potions of heal wounds
 g - a potion of haste
 h - 4 potions of magic
 i - 3 potions of berserk rage
 l - 2 potions of invisibility
Comestibles
 d - 8 bread rations
 p - 40 fruits
 q - 7 meat rations


   Skills:
 * Level 4.3 Fighting
 * Level 4.5 Maces & Flails
 + Level 2.8 Throwing
 * Level 4.1 Dodging


You had 2 spell levels left.
You didn't know any spells.

Dungeon Overview and Level Annotations

Branches:
Dungeon (1/1)

Altars:
Ashenzari
Cheibriados
Dithmenos
Elyvilon
Fedhas
Gozag
Hepliaklqana
Kikubaaqudgha
Makhleb
Nemelex Xobeh
Okawaru
Qazlal
Ru
Sif Muna
Trog
Uskayaw
Vehumet
Wu Jian
Xom
Yredelemnul
Zin
The Shining One
Beogh
Jiyva
Lugonu


Innate Abilities, Weirdness & Mutations

Your plain brown scales are hard. (AC +5)
You cannot fit into any form of body armour.
You are cold-blooded and may be slowed by cold attacks.


Message History

You feel yourself moving faster!
You feel mighty!
You are feeling hungry.
You closely miss the flying skull. The flying skull hits you!
A warg comes into view.
You closely miss the flying skull.
Your tail-slap misses the flying skull.
The flying skull barely misses you. The flying skull closely misses you.
You miss the flying skull. The flying skull barely misses you.
You barely miss the flying skull. The flying skull hits you.
You miss the flying skull. The flying skull hits you!
You miss the flying skull. You tail-slap the flying skull!
The flying skull is heavily damaged.
The flying skull closely misses you.
You closely miss the flying skull.
The flying skull is heavily damaged.
The flying skull hits you. The flying skull hits you!
* * * LOW HITPOINT WARNING * * *
You miss the flying skull.
The flying skull is heavily damaged.
The flying skull hits you!
You die...

#.?(.+)))+.##.....
##########.##.....
#...........'.....
#'#####+#####.....
#.#[[#.).).##.....
#.#))#####+#####+#
#.#))#.....##.....
#.#))#.....##.....
#@#..###+####.....
#z##+#.....##...<.
#h#........##.....
#.#........##.....
#'###########.....
#....z..# ######
#.###...# #.# .#
#ยง#


You could see a warg and a flying skull.

Vanquished Creatures
  An adder (D)
  A white imp (D)
  An ufetubus (D)
  2 oozes (D)
  2 orcs (D)
  A hobgoblin (D)
  A ball python (D)
9 creatures vanquished.

Notes
Turn   | Place    | Note
-------+----------+-------------------------------------------
     0 | D        | Kidiri the Draconian Gladiator began the quest for the Orb.
     0 | D        | Reached XP level 1. HP: 17/17 MP: 1/1
    51 | D        | Found a bloodstained altar of Trog.
    51 | D        | Found a deep blue altar of Sif Muna.
    51 | D        | Found a viscous altar of Jiyva.
    51 | D        | Found a hazy altar of Hepliaklqana.
    51 | D        | Found an opulent altar of Gozag.
    52 | D        | Found a glowing golden altar of the Shining One.
    52 | D        | Found a glowing silver altar of Zin.
    52 | D        | Found a basalt altar of Yredelemnul.
    52 | D        | Found a shimmering altar of Xom.
    52 | D        | Found an ornate altar of the Wu Jian Council.
    52 | D        | Found a sacrificial altar of Ru.
    52 | D        | Found a stormy altar of Qazlal.
    52 | D        | Found an iron altar of Okawaru.
    52 | D        | Found a sparkling altar of Nemelex Xobeh.
    52 | D        | Found a burning altar of Makhleb.
    52 | D        | Found a blossoming altar of Fedhas.
    52 | D        | Found a white marble altar of Elyvilon.
    52 | D        | Found a shadowy altar of Dithmenos.
    52 | D        | Found a snail-covered altar of Cheibriados.
    55 | D        | Found a corrupted altar of Lugonu.
    55 | D        | Found a radiant altar of Vehumet.
    55 | D        | Found a roughly hewn altar of Beogh.
    56 | D        | Became a worshipper of Trog the Wrathful
    57 | D        | Found an ancient bone altar of Kikubaaqudgha.
    57 | D        | Found a hide-covered altar of Uskayaw.
    57 | D        | Found a shattered altar of Ashenzari.
    89 | D        | Reached * piety under Trog
    89 | D        | Reached XP level 2. HP: 12/26 MP: 2/2
   325 | D        | Reached ** piety under Trog
   326 | D        | Reached XP level 3. HP: 30/33 MP: 3/3
   646 | D        | Noticed a flying skull
   653 | D        | Noticed a warg
   659 | D        | Slain by a flying skull

Vault maps used:
D:        pitsprint

Skill      XL: |  1  2 |
---------------+-------+-----
Throwing       | 2 |  2.8
Dodging        | 3 4 |  4.1
Fighting       | 3 4 |  4.3
Maces & Flails | 4 |  4.5

Action                   || total
-------------------------++-------
Melee: Mace              ||    15
       Flail             ||     9
       Tailslap          ||     2
Invok: Berserk           ||     2
Armor: Skin              ||     5
Dodge: Dodged            ||    19

Table legend:
 A = Spawn XP
 B = Non-spawn XP
 C = Spawn XP percentage of total XP
 D = Spawn monster count
 E = Non-spawn monster count
 F = Spawn count percentage of total count
 G = Total turns spent on level
                    A         B        C        D         E        F      G
               +---------+---------+-------+---------+---------+-------+---------
         Total |       0 |      55 |   0.0 |       0 |       9 |   0.0 |   659
               +---------+---------+-------+---------+---------+-------+---------
             D |       0 |      55 |   0.0 |       0 |       9 |   0.0 |   659
               +---------+---------+-------+---------+---------+-------+---------
